 Dungeon Crawl Stone Soup version 0.13.0-29-gdb529de (webtiles) character file.

417 Lilouch the Ruinous (level 6, -10/32 HPs)
             Began as a Deep Elf Fire Elementalist on Nov 6, 2013.
             Killed by divine providence
             ... invoked by an orc priest
              (13 damage)
             ... on Level 4 of the Dungeon.
             The game lasted 00:24:10 (3112 turns).

Lilouch the Ruinous (Deep Elf Fire Elementalist)    Turns: 3112, Time: 00:24:10

HP -10/32        AC  3     Str  5      XL: 6   Next:  3%
MP  18/19        EV 13     Int 22      God:
Gold 142         SH  0     Dex 15      Spells:  3 memorised,  5 levels left

Res.Fire  : . . .   See Invis. : .   v - +0 sling
Res.Cold  : . . .   Warding    : .   C - +0 robe (curse)
Life Prot.: . . .   Conserve   : .   (no shield)
Res.Poison: .       Res.Corr.  : .   h - +0 spiked helmet
Res.Elec. : .       Clarity    : .   (no cloak)
Sust.Abil.: . .     Spirit.Shd : .   (no gloves)
Res.Mut.  : .       Stasis     : .   (no boots)
Res.Rott. : .       Flight     : .   (no amulet)
Saprovore : . . .                    (no ring)
                                     (no ring)

@: slightly resistant to hostile enchantments, fairly stealthy
A: no striking features
a: no special abilities


You were on level 4 of the Dungeon.
You were not hungry.

You visited 1 branch of the dungeon, and saw 4 of its levels.

You collected 122 gold pieces.

Inventory:

Hand weapons
 v - a +0,+0 sling (weapon)
Missiles
 i - 15 poisoned needles
 k - 39 sling bullets (quivered)
 p - 13 darts of flame
 G - 3 darts of frost
 K - 64 stones
Armour
 h - a +0 spiked helmet (worn)
 C - a cursed +0 robe (worn)
Magical devices
 A - a wand of random effects (13) {unknown}
Comestibles
 a - an apple
 c - 5 bread rations
 q - a chunk of hobgoblin flesh
 t - a rotting chunk of worker ant flesh
 w - a chunk of giant gecko flesh
 x - 2 pears
 z - a choko
 D - an apricot
 E - 3 oranges
Scrolls
 e - 3 scrolls of identify {unknown}
 g - a scroll of enchant weapon II {unknown}
 j - 2 scrolls of teleportation {unknown}
 l - 5 scrolls of remove curse {unknown}
 n - a scroll of curse weapon {unknown}
 o - a scroll of curse jewellery {unknown}
 r - a scroll of random uselessness {unknown}
 F - a scroll of fog {unknown}
 J - a scroll of enchant armour {unknown}
Potions
 d - a potion of brilliance {unknown}
 f - 2 potions of curing {unknown}
 m - a potion of magic {unknown}
 s - a potion of heal wounds {unknown}
 u - a potion of confusion {unknown}
 H - a potion of cure mutation {unknown}
Books
 b - a book of Flames

   Spells                             Type                      Level
   *Flame Tongue                      Conjuration/Fire             1
   Throw Flame                        Conjuration/Fire             2
   *Conjure Flame                     Conjuration/Fire             3
   Inner Flame                        Hexes/Fire                   3
   *Sticky Flame                      Conjuration/Fire             4
   Fireball                           Conjuration/Fire             5


   Skills:
 - Level 2.4 Dodging
 - Level 2.4 Stealth
 * Level 4.2 Spellcasting
 - Level 4.7 Conjurations
 + Level 4.5 Fire Magic


You had 5 spell levels left.
You knew the following spells:

 Your Spells              Type           Power        Failure   Level  Hunger
a - Flame Tongue          Conj/Fire      ####.        1%          1    None
b - Sticky Flame          Conj/Fire      ####....     17%         4    ####...
c - Conjure Flame         Conj/Fire      ####....     6%          3    ###....


Dungeon Overview and Level Annotations

Branches:
Dungeon (4/27)
 Temple: D:4-7

Altars:
Fedhas
Sif Muna


Message History

Firing (i - inventory. (,) - cycle):
k - 42 sling bullets (quivered)
Press: ? - help, Shift-Dir - straight line, f/p - orc priest
Aim: an orc priest, wielding an orcish dagger (moderately wounded)
You shoot a sling bullet. The sling bullet hits the orc priest.
The orc priest is heavily wounded.
The orc priest invokes the aid of Beogh against you.
Something smites you!
* * * LOW HITPOINT WARNING * * *
Firing (i - inventory. (,) - cycle):
k - 41 sling bullets (quivered)
Press: ? - help, Shift-Dir - straight line, f/p - orc priest
Aim: an orc priest, wielding an orcish dagger (heavily wounded)
You shoot a sling bullet. The sling bullet misses the orc priest.
Firing (i - inventory. (,) - cycle):
k - 40 sling bullets (quivered)
Press: ? - help, Shift-Dir - straight line, f/p - orc priest
Aim: an orc priest, wielding an orcish dagger (heavily wounded)
You shoot a sling bullet. The sling bullet hits the orc priest.
The orc priest is severely wounded.
The orc priest calls down the wrath of Beogh upon you.
Something smites you!
You die...

.....).# #.# .......# #..
.......# #.. .......# #..
.......# #.) ..<....## #.%
........>. ###..
.......##.###################....
..............(.@......).........
######.................)...[.....
.. .......#############....
....... #.... .$.o... #####
.(....
#################################
.................................
#################################


You could see an orc priest.

Vanquished Creatures
  A phantom (D:4)
  A worker ant (D:4)
  2 orc wizards (D:3)
  Jessica (D:3)
  2 adders (D:3)
  3 giant geckos
  An ooze (D:3)
  9 orcs
  2 giant cockroaches
  11 hobgoblins
  7 jackals (D:1)
  2 quokkas (D:3)
  A ball python (D:3)
  5 bats
  3 giant newts
  8 goblins
  10 kobolds
  7 rats
76 creatures vanquished.

Notes
Turn   | Place    | Note
--------------------------------------------------------------
     0 | D:1      | Lilouch, the Deep Elf Fire Elementalist, began the quest for the Orb.
     0 | D:1      | Reached XP level 1. HP: 10/10 MP: 4/4
   222 | D:1      | Reached XP level 2. HP: 12/15 MP: 3/7
   625 | D:1      | Reached XP level 3. HP: 15/19 MP: 5/9
  1584 | D:3      | Noticed Jessica
  1697 | D:3      | Reached XP level 4. HP: 16/24 MP: 7/12
  1807 | D:3      | Killed Jessica
  1886 | D:3      | Reached skill level 4 in Fire Magic
  2102 | D:3      | Found a blossoming altar of Fedhas.
  2329 | D:3      | Reached XP level 5. HP: 28/28 MP: 13/16
  2493 | D:3      | Found a deep blue altar of Sif Muna.
  2685 | D:4      | Noticed a phantom
  2699 | D:4      | Killed a phantom
  2811 | D:4      | Learned a level 4 spell: Sticky Flame
  2815 | D:4      | Learned a level 3 spell: Conjure Flame
  3048 | D:4      | Reached XP level 6. HP: 32/32 MP: 17/19
  3112 | D:4      | Killed from afar by an orc priest

Action                   |  1- 3 |  4- 6 || total
-------------------------+-------+-------++-------
Melee: Unarmed           |     1 |       ||     1
 Fire: Sling             |       |    70 ||    70
Throw: Dagger            |    29 |       ||    29
       Dart              |     6 |     2 ||     8
 Cast: Flame Tongue      |    56 |    47 ||   103
       Conjure Flame     |       |     1 ||     1
